 Dungeon Crawl Stone Soup version 0.24.0-13-gcf9b319 (webtiles) character file.

Game seed: 11190931030817556652, levelgen mode: deterministic

290934 Fang the Warrior (level 20, -10/136 HPs)
             Began as a Gargoyle Berserker on Dec 12, 2019.
             Was the Champion of Trog.
             Killed by the air
             ... invoked by Sojobo
              (49 damage)
             ... on level 2 of the Vaults.
             The game lasted 00:47:24 (38789 turns).

Fang the Warrior (Gargoyle Berserker)              Turns: 38789, Time: 00:47:24

Health: -10/136    AC: 53    Str: 27    XL:     20   Next: 76%
Magic:  20/20      EV: 10    Int: 11    God:    Trog [******]
Gold:   871        SH: 26    Dex:  9    Spells: 19/19 levels left

rFire    . . .     SeeInvis +   M - +8 broad axe of Rotation {holy, rPois}
rCold    + . .     Gourm    .   B - +0 large shield
rNeg     + . .     Faith    .   b - +2 gold dragon scales
rPois    ∞         Spirit   .   l - +0 helmet "Aloiriaf" {+Inv rElec rF- SInv}
rElec    +         Reflect  +   f - +2 cloak
rCorr    +         Harm     .   y - +3 pair of gauntlets of War {Slay+5}
MR       ++++.                  g - +2 pair of boots
Stlth    ..........             O - +5 amulet of reflection
HPRegen  1.32/turn              Q - ring of protection from magic
MPRegen  0.17/turn              t - ring of resist corrosion

@: berserk cooldown, flying, regenerating, slowed, very slow
A: big wings, negative energy resistance 1, electricity resistance, unbreathing,
petrification resistance, rot immunity, AC +15
}: 2/15 runes: decaying, serpentine
a: Stop Flying, Berserk, Trog's Hand, Brothers in Arms, Renounce Religion, Evoke
Invisibility


You were on level 2 of the Vaults.
You worshipped Trog.
Trog was exalted by your worship.
You were near starving.

You visited 7 branches of the dungeon, and saw 34 of its levels.
You visited 1 bazaar.
You also visited: Bailey.

You collected 3614 gold pieces.
You spent 2743 gold pieces at shops.

Inventory:

Hand Weapons
 a - a +2 war axe of venom
 u - a +3 antimagic broad axe
 A - a +5 antimagic broad axe
 L - a +0 war axe of flaming
 M - the +8 broad axe of Rotation (weapon) {holy, rPois}
   (You acquired it on level 1 of the Vaults)

   It has been blessed by the Shining One to cause great damage to the undead
   and demons.
   It protects you from poison.
Armour
 b - +2 gold dragon scales (worn)
 f - a +2 cloak (worn)
 g - a +2 pair of boots (worn)
 l - the +0 helmet "Aloiriaf" (worn) {+Inv rElec rF- SInv}
   (You found it on level 4 of the Snake Pit)

   It makes you vulnerable to fire.
   It insulates you from electricity.
   It lets you see invisible.
   It lets you turn invisible.
 w - a +0 shield of reflection
 y - the +3 pair of gauntlets of War (worn) {Slay+5}
   (You bought it in a shop on level 1 of the Snake Pit)

   It affects your accuracy and damage with ranged weapons and melee attacks
   (+5).
 B - a +0 large shield (worn)
Jewellery
 t - a ring of resist corrosion (right hand)
 J - an uncursed amulet of regeneration
 O - a +5 amulet of reflection (around neck)
 Q - a ring of protection from magic (left hand)
 S - an uncursed amulet of guardian spirit
Wands
 h - a wand of enslavement (6)
 x - a wand of acid (28)
 C - a wand of polymorph (34)
 D - a wand of paralysis (20)
 E - a wand of flame (71)
 G - a wand of iceblast (26)
 K - a wand of scattershot (14)
 N - a wand of random effects (37)
 R - a wand of clouds (5)
Scrolls
 d - 19 scrolls of remove curse
 j - 2 scrolls of fear
 k - 4 scrolls of fog
 n - 9 scrolls of identify
 r - 7 scrolls of teleportation
 v - a scroll of holy word
 I - a scroll of magic mapping
 P - a scroll of blinking
Potions
 e - 3 potions of heal wounds
 i - 5 potions of might
 m - 3 potions of berserk rage
 o - 3 potions of resistance
 p - 4 potions of cancellation
 q - 5 potions of invisibility
 s - 16 potions of curing
 z - a potion of ambrosia
 F - a potion of mutation
 H - 2 potions of haste
Comestibles
 c - 61 rations
 T - 19 chunks of flesh


   Skills:
 + Level 17.8 Fighting
 + Level 15.4 Axes
 + Level 17.7 Armour
 + Level 14.2 Dodging
 + Level 16.6 Shields


You had 19 spell levels left.
You didn't know any spells.
Your spell library was empty.

Dungeon Overview and Level Annotations

Branches:
Dungeon (15/15)            Temple (1/1) D:5            Lair (6/6) D:11
  Swamp (4/4) Lair:3        Snake (4/4) Lair:3        Slime (0/5) Lair:6
    Orc (2/2) D:9             Elf (0/3) Orc:2        Vaults (2/5) D:13
 Depths (0/5) D:15         Bailey (visited)
  Crypt: Vaults:2-3

Altars:
Ashenzari
Cheibriados
Dithmenos
Elyvilon
Fedhas
Gozag
Hepliaklqana
Kikubaaqudgha
Makhleb
Nemelex Xobeh
Okawaru
Qazlal
Ru
Sif Muna
Trog
Uskayaw
Vehumet
Wu Jian
Xom
Yredelemnul
Zin
The Shining One
Jiyva

Shops:
D:4 *}   D:5 (   D:6 *   Orc:2 *}*[*   Snake:1 [%[[   Snake:2 [((   Vaults:1 ?

Portals:
Pandemonium: Orc:2

Annotations:
Lair:4 1 runed translucent door, Murgh's ghost, journeyman MiBe
Lair:5 exclusion: 2 oklob plants
Snake:4 1 runed translucent door, Mopoess's ghost, adept KoNe
Orc:1 2 transporters, Sidwep's ghost, journeyman MfVM
Vaults:2 Sojobo


Innate Abilities, Weirdness & Mutations

You are resistant to torment.
Your stone body is resilient. (AC +15)
You are immune to poison.
Your large and strong wings let you fly indefinitely.
You resist negative energy. (rN+)
You are resistant to electric shocks. (rElec)
You can survive without breathing.
You are immune to petrification.
You are immune to rotting.


Message History

The winds around the air elemental start to calm down.
* * * LOW HITPOINT WARNING * * *
x2 The winds around the air elemental start to calm down.
You block the air elemental's attack. x4
The air elemental hits you but does no damage.
Sojobo waves her feathered arms in wide circles.
The air twists around and violently strikes you in flight.
The air elemental hits you but does no damage. x2
Something unseen opens the door.
Your cyclops closely misses the air elemental.
You feel much better.
You are engulfed in raging winds.
The air elemental hits you but does no damage.
You block the air elemental's attack. The air elemental closely misses you.
You block the air elemental's attack.
Sojobo conjures a fierce blast of wind!
You are blown backwards!
The air elementals are blown away by the wind.
Sojobo waves her feathered arms in wide circles.
The air twists around and violently strikes you in flight!!!
You die...

.# #########+#.#
#§§§§§......#
#§§Q§§......#
######§§.........#
?...§§§§C.§§......
....§§§§§.§§......
####'#§§§E@#############
#§§§§§#.#.#...#.#.#
#§§§§§##.#.#.#.#.##
#.§§§.#.#.#.#.#.#>#...
#..E.)##.#.#.#.#.##...
#.....#.#.#.#.#.#.#...
#.....#..#.#.#.#..#...
###.....#.#.#.#)#.#.#...
........##.#.#.#.#.##...


You could see Sojobo, 2 air elementals and a friendly cyclops (berserk).

Vanquished Creatures
  Xtahua (Vaults:1)
  Asterion (Snake:4)
  Frances (Swamp:2)
  Agnes (D:14)
  A tengu reaver (Vaults:2)
  3 thorn hunters
  Donald (Snake:2)
  9 nagarajas
  3 vault wardens
  Louise (Snake:2)
  Aizul (Snake:4)
  5 very ugly things
  4 ironheart preservers
  An entropy weaver (Vaults:1)
  Nessos (D:13)
  2 fire dragons
  An ettin (D:15)
  4 ogre magi
  3 yaktaur captains
  10 vault guards
  A great orb of eyes (Vaults:2)
  14 naga warriors
  16 anacondas
  An ice dragon (Lair:6)
  3 rakshasas (Vaults:1)
  21 hydras
  2 shambling mangroves (Swamp:3)
  Erica (D:8)
  3 centaur warriors
  12 two-headed ogres
  3 ghost crabs
  2 catoblepae
  12 alligators
  2 tengu warriors (D:15)
  A deep troll earth mage (Vaults:1)
  10 naga sharpshooters
  8 shock serpents
  2 vampire magi (Vaults:2)
  5 orc high priests (Orc:2)
  A deep elf knight (Vaults:1)
  Nergalle (D:12)
  Sonja (D:10)
  2 sixfirhies (Orc:2)
  10 skeletal warriors
  12 sea snakes (Snake:4)
  7 salamander mystics
  5 deep trolls (Vaults:1)
  A glowing orange brain (Vaults:2)
  5 wizards
  2 spriggan druids (Swamp:4)
  9 swamp dragons
  An infernal demonspawn (Orc:2)
  A deep elf archer (D:15)
  7 lindwurms
  8 naga ritualists
  3 gelid demonspawn (Orc:2)
  Pikel (D:8)
  3 ironbrand convokers
  3 harpies (Vaults:2)
  A mana viper (shapeshifter) (Vaults:2)
  11 orc knights
  2 manticores
  10 orc sorcerers
  14 mana vipers
  3 cyclopes
  10 salamanders
  7 ugly things
  A guardian serpent (shapeshifter) (Vaults:1)
  Maurice (D:8)
  10 guardian serpents
  38 black mambas
  2 vault sentinels
  An orange demon (Orc:2)
  An ice statue (D:12)
  25 naga magi
  14 elephants
  7 torpor snails (Lair:6)
  Joseph (D:7)
  18 spiny frogs
  2 gargoyles
  A kobold demonologist (D:12)
  A spiny frog (shapeshifter) (D:14)
  2 rime drakes
  5 yaktaurs
  An efreet (D:15)
  6 komodo dragons
  A hellwing (Orc:2)
  7 ice devils
  A red devil (Orc:2)
  4 guardian mummies (D:14)
  17 hornets
  3 meliai (D:15)
  9 trolls
  A jumping spider (shapeshifter) (Vaults:1)
  9 polar bears (Lair:6)
  16 blink frogs
  2 raiju (Lair:6)
  A queen bee (D:15)
  Grinder (D:6)
  6 bog bodies
  8 tyrant leeches
  10 dream sheep
  12 hippogriffs
  30 slime creatures
  2 redbacks (Vaults:1)
  2 wraiths
  A tarantella (shapeshifter) (Vaults:1)
  5 spriggans
  6 wyverns
  43 yaks
  A shadow (D:14)
  A tarantella (Vaults:1)
  A ynoxinul (Orc:2)
  A basilisk (D:11)
  6 hungry ghosts
  10 vampire mosquitoes
  A soldier ant (D:11)
  A swamp worm (shapeshifter) (Vaults:2)
  3 acid dragons
  13 hell hounds (Lair:6)
  A two-headed ogre zombie (D:9)
  7 wargs
  45 nagas
  29 water moccasins
  10 swamp worms
  11 porcupines
  A hornet zombie (D:13)
  11 swamp drakes
  2 sky beasts
  2 eyes of draining
  A necrophage (D:9)
  4 phantoms
  A slave (D:8)
  14 black bears
  7 ice beasts
  32 orc warriors
  16 ogres
  44 wolves
  19 crocodiles
  10 centaurs
  2 big kobolds
  A big kobold (shapeshifter) (Vaults:2)
  19 bullfrogs
  A gnoll sergeant (D:7)
  7 scorpions
  2 troll zombies (D:9)
  34 killer bees
  3 wights (D:7)
  3 electric eels
  8 crimson imps
  5 howler monkeys
  3 bullfrog zombies
  3 quasits
  5 centaur zombies
  23 orc priests
  5 hounds
  13 orc wizards
  2 bullfrog skeletons
  7 jellies
  A wyvern simulacrum (D:10)
  2 centaur skeletons
  3 iguanas
  7 hell rats (Lair:6)
  13 worker ants
  5 ogre zombies (D:9)
  2 hound zombies
  Robin (D:4)
  A howler monkey zombie (D:5)
  4 mummies (D:14)
  3 howler monkey skeletons
  8 gnolls
  39 adders
  2 shadow imps
  7 ufetubi (D:12)
  An ooze (D:2)
  An adder skeleton (D:6)
  An adder zombie (D:8)
  3 worms
  3 dart slugs
  3 leopard geckos
  57 orcs
  A ball python (D:5)
  6 giant cockroaches
  16 goblins
  11 hobgoblins
  14 jackals
  18 kobolds
  5 quokkas
  A ball python skeleton (D:5)
  9 bats
  4 frilled lizards
  3 goblin skeletons
  9 goblin zombies
  4 hobgoblin zombies (D:5)
  2 kobold skeletons (D:5)
  A kobold zombie (D:5)
  4 orc skeletons
  13 orc zombies (D:9)
  A quokka skeleton (D:4)
  8 rats
  2 briar patches (Swamp:4)
  A bush (Lair:2)
  3 fungi
  5 plants
1407 creatures vanquished.

Vanquished Creatures (collateral kills)
  Rupert (D:13)
  3 hydras
  2 vault guards (D:13)
  A warg (Lair:6)
  2 hell hounds (Lair:6)
  A hobgoblin (Bailey)
10 creatures vanquished.

Vanquished Creatures (others)
  Vashnia (Snake:4)
  A tengu reaver (Vaults:2)
  A yaktaur captain (Vaults:1)
  A hydra (Swamp:4)
  8 naga sharpshooters
  An ironbrand convoker (Vaults:2)
  A naga mage (Snake:4)
  3 yaktaurs
  2 nagas (Snake:4)
  2 swamp drakes
  A slave (D:8)
  A scorpion (D:8)
  A hound skeleton (D:8)
  2 briar patches (Swamp:4)
  15 fungi
  29 plants
70 creatures vanquished.

Grand Total: 1487 creatures vanquished

Notes
Turn   | Place    | Note
-------+----------+-------------------------------------------
     0 | D:1      | Fang the Gargoyle Berserker began the quest for the Orb.
     0 | D:1      | Reached XP level 1. HP: 14/14 MP: 1/1
    22 | D:1      | Found an iron altar of Okawaru.
   310 | D:1      | Reached XP level 2. HP: 19/19 MP: 2/2
   639 | D:1      | Reached XP level 3. HP: 6/23 MP: 3/3
  1397 | D:2      | Found an ancient bone altar of Kikubaaqudgha.
  1493 | D:2      | Reached ** piety under Trog
  1823 | D:2      | Reached XP level 4. HP: 29/29 MP: 4/4
  2270 | D:3      | Reached XP level 5. HP: 23/33 MP: 5/5
  2970 | D:4      | Noticed an ogre
  2979 | D:4      | Reached XP level 6. HP: 39/39 MP: 6/6
  3063 | D:4      | Reached skill level 5 in Fighting
  3096 | D:4      | Reached XP level 7. HP: 43/44 MP: 7/7
  3357 | D:4      | Noticed Robin
  3361 | D:4      | Reached *** piety under Trog
  3378 | D:4      | Killed Robin
  3631 | D:4      | Found Ocug's Gadget Shoppe.
  3799 | D:4      | Found a basalt altar of Yredelemnul.
  3799 | D:4      | Found a white marble altar of Elyvilon.
  3799 | D:4      | Found a shattered altar of Ashenzari.
  3950 | D:4      | Found Uplo's Elemental Accessories.
  4005 | D:5      | Entered Level 5 of the Dungeon
  4032 | D:5      | Reached skill level 5 in Armour
  4036 | D:5      | Reached XP level 8. HP: 38/51 MP: 8/8
  4051 | D:5      | Found a staircase to the Ecumenical Temple.
  4196 | D:5      | Found a glowing golden altar of the Shining One.
  4268 | Temple   | Entered the Ecumenical Temple
  4397 | D:5      | Reached skill level 5 in Axes
  4506 | D:5      | Found Ybamodekk's Weapon Emporium.
  4679 | D:5      | Found a hazy altar of Hepliaklqana.
  4906 | D:5      | Reached **** piety under Trog
  4995 | D:6      | Noticed Grinder
  5005 | D:6      | Paralysed by Grinder for 3 turns
  5014 | D:6      | Killed Grinder
  5113 | D:6      | Reached XP level 9. HP: 53/56 MP: 9/9
  5208 | D:6      | Found Jearuoh's General Store.
  5270 | D:6      | Reached skill level 5 in Dodging
  5843 | D:7      | Noticed Joseph
  5862 | D:7      | Killed Joseph
  5862 | D:7      | Reached skill level 1 in Shields
  5880 | D:7      | Found a bloodstained altar of Trog.
  5881 | D:7      | Found a burning altar of Makhleb.
  6069 | D:7      | Reached XP level 10. HP: 53/64 MP: 10/10
  6308 | D:8      | Noticed Pikel
  6319 | D:8      | Killed Pikel
  6419 | D:8      | Noticed Maurice
  6481 | D:8      | Killed Maurice
  6551 | D:8      | Found a sacrificial altar of Ru.
  6609 | D:8      | Reached ***** piety under Trog
  6680 | D:8      | Noticed Erica
  6715 | D:8      | Killed Erica
  7227 | D:9      | Found a flagged portal.
  7251 | Bailey   | Entered a bailey
  7271 | Bailey   | Noticed an orc knight
  7286 | Bailey   | Killed an orc knight
  7286 | Bailey   | Received a gift from Trog
  7290 | Bailey   | Noticed an orc knight
  7290 | Bailey   | Noticed an orc knight
  7488 | D:9      | Killed an orc knight
  7955 | D:9      | Killed an orc knight
  7955 | D:9      | Reached skill level 5 in Shields
  7955 | D:9      | Reached XP level 11. HP: 71/71 MP: 11/11
  8156 | D:9      | Found a staircase to the Orcish Mines.
  8963 | D:10     | Entered Level 10 of the Dungeon
  9031 | D:10     | Found a blossoming altar of Fedhas.
  9607 | D:10     | Noticed Sonja
  9639 | D:10     | Killed Sonja
  9822 | D:11     | Found a staircase to the Lair.
  9844 | D:11     | Reached skill level 10 in Fighting
  9965 | D:11     | Found a frozen archway.
 10157 | D:11     | Reached skill level 10 in Armour
 10217 | D:11     | Noticed a manticore
 10221 | D:11     | Noticed a two-headed ogre
 10230 | D:11     | Killed a manticore
 10230 | D:11     | Reached XP level 12. HP: 77/77 MP: 12/12
 10235 | D:11     | Killed a two-headed ogre
 10502 | Lair:1   | Entered Level 1 of the Lair of Beasts
 10731 | Lair:1   | Received a gift from Trog
 11798 | Lair:2   | Noticed a seven-headed hydra
 11818 | Lair:2   | Killed a 17-headed hydra
 12096 | Lair:2   | You fall into a shaft and drop 2 floors!
 12290 | Lair:4   | Reached XP level 13. HP: 82/84 MP: 13/13
 12390 | Lair:4   | Found a runed translucent door.
 12390 | Lair:4   | Noticed Murgh's ghost (journeyman MiBe)
 13609 | Lair:3   | Found a staircase to the Snake Pit.
 13663 | Lair:3   | Reached skill level 10 in Axes
 13668 | Lair:3   | Received a gift from Trog
 14401 | Lair:3   | Found a staircase to the Swamp.
 15627 | Lair:5   | Reached skill level 10 in Shields
 15924 | Lair:5   | Reached ****** piety under Trog
 15924 | Lair:5   | Gained mutation: Your large and strong wings let you fly
                  | indefinitely. [Gargoyle growth]
 15924 | Lair:5   | Reached XP level 14. HP: 82/92 MP: 14/14
 16082 | Lair:5   | Received a gift from Trog
 16490 | Lair:6   | Entered Level 6 of the Lair of Beasts
 16618 | Lair:6   | Found a staircase to the Slime Pits.
 16619 | Lair:6   | Found a viscous altar of Jiyva.
 16764 | Lair:6   | Reached skill level 10 in Dodging
 17595 | Lair:6   | Received a gift from Trog
 17810 | Lair:6   | Found a runed translucent door.
 17870 | Lair:6   | Reached XP level 15. HP: 99/99 MP: 15/15
 18341 | D:12     | Noticed Nergalle
 18354 | D:12     | Killed Nergalle
 19682 | D:12     | Received a gift from Trog
 19931 | D:13     | Found a gate to the Vaults.
 19934 | D:13     | Noticed Rupert
 20075 | D:13     | Noticed Nessos
 20102 | D:13     | Killed Nessos
 20188 | D:13     | Paralysed by Rupert for 7 turns
 20193 | D:13     | Killed Rupert
 21030 | D:14     | Noticed Agnes
 21052 | D:14     | Killed Agnes
 21139 | D:14     | Identified a scroll of acquirement
 21665 | D:15     | Entered Level 15 of the Dungeon
 21729 | D:15     | Reached XP level 16. HP: 99/106 MP: 16/16
 22201 | D:15     | Found a shadowy altar of Dithmenos.
 22264 | D:15     | Paralysed by an ogre mage for 4 turns
 22338 | D:15     | Found a staircase to the Depths.
 22900 | D:15     | Received a gift from Trog
 23208 | Orc:1    | Entered Level 1 of the Orcish Mines
 23366 | Orc:1    | Found a transporter.
 23377 | Orc:1    | Noticed Sidwep's ghost (journeyman MfVM)
 23390 | Orc:1    | Found a transporter.
 23748 | Orc:2    | Entered Level 2 of the Orcish Mines
 23748 | Orc:2    | Found a staircase to the Elven Halls.
 23913 | Orc:2    | Found Goaveabb's Goods Gallery.
 24162 | Orc:2    | Found Vuocw's General Store.
 24163 | Orc:2    | Found Diuserhi's General Store.
 24600 | Orc:2    | Received a gift from Trog
 25151 | Orc:2    | Bought a scroll of teleportation for 39 gold pieces
 25625 | Orc:2    | Found Ysiwn's Antique Armour Emporium.
 25625 | Orc:2    | Found Viorho's Gadget Shoppe.
 25625 | Orc:2    | Found a one-way gate leading to the halls of Pandemonium.
 25959 | Orc:2    | Bought +0 gold dragon scales for 1280 gold pieces
 26264 | Snake:1  | Entered Level 1 of the Snake Pit
 26387 | Snake:1  | Received a gift from Trog
 26495 | Snake:1  | Found a flickering gateway to a bazaar.
 26513 | Snake:1  | Reached skill level 15 in Fighting
 26525 | Bazaar   | Entered a bazaar
 26525 | Bazaar   | Found Ulemuffo's Magic Scroll Emporium.
 26525 | Bazaar   | Found Tant's Assorted Antiques.
 26794 | Bazaar   | Found Gohu's Jewellery Shoppe.
 26794 | Bazaar   | Found Foiluull's Weapon Shoppe.
 26796 | Bazaar   | Bought a scroll of teleportation for 27 gold pieces
 26796 | Bazaar   | Bought a scroll of blinking for 67 gold pieces
 26838 | Snake:1  | Reached XP level 17. HP: 105/113 MP: 17/17
 26865 | Snake:1  | Found Dunuwu's Antique Armour Shoppe.
 26868 | Snake:1  | Found Axkad's Armour Shoppe.
 26868 | Snake:1  | Found Fuin Ocs's Food Emporium.
 26912 | Snake:1  | Found Porghet's Antique Armour Emporium.
 27431 | Snake:2  | Reached skill level 15 in Armour
 27768 | Snake:2  | Found Wyrphico's Antique Weapon Emporium.
 27788 | Snake:2  | Found Xicsos's Armour Shop.
 27875 | Snake:2  | Found Manniase's Antique Weapon Shop.
 27991 | Snake:2  | Noticed Louise
 28027 | Snake:2  | Killed Louise
 28320 | Snake:2  | Noticed Donald
 28337 | Snake:2  | Killed Donald
 28337 | Snake:2  | Received a gift from Trog
 28444 | Snake:1  | Bought the +3 pair of gauntlets of War {Slay+5} for 1330
                  | gold pieces
 28444 | Snake:1  | Found the +3 pair of gauntlets of War {Slay+5}
 29191 | Snake:4  | Entered Level 4 of the Snake Pit
 29307 | Snake:4  | Noticed Vashnia
 29600 | Snake:4  | Received a gift from Trog
 29611 | Snake:4  | Killed Vashnia
 29614 | Snake:4  | Reached XP level 18. HP: 84/120 MP: 18/18
 30097 | Snake:4  | Got a spiked helmet
 30127 | Snake:4  | Identified the +0 helmet "Aloiriaf" {+Inv rElec rF- SInv}
                  | (You found it on level 4 of the Snake Pit)
 30340 | Snake:4  | Noticed Aizul
 30363 | Snake:4  | Killed Aizul
 30449 | Snake:4  | HP: 2/120 [lindwurm/blast of flame (23)]
 30552 | Snake:4  | Received a gift from Trog
 30554 | Snake:4  | Noticed Asterion
 30570 | Snake:4  | Killed Asterion
 31719 | Snake:4  | Reached skill level 15 in Shields
 32019 | Snake:4  | Reached XP level 19. HP: 127/127 MP: 14/19
 32289 | Snake:4  | Got a serpentine rune of Zot
 32432 | Snake:4  | Found a runed translucent door.
 32439 | Snake:4  | Noticed Mopoess's ghost (adept KoNe)
 32620 | Swamp:1  | Entered Level 1 of the Swamp
 33683 | Swamp:2  | Received a gift from Trog
 33738 | Swamp:2  | Noticed Frances
 33759 | Swamp:2  | Killed Frances
 35178 | Swamp:3  | Found a blossoming altar of Fedhas.
 35373 | Swamp:4  | Entered Level 4 of the Swamp
 35855 | Swamp:4  | Received a gift from Trog
 36436 | Swamp:4  | Got a decaying rune of Zot
 36862 | Vaults:1 | Entered Level 1 of the Vaults
 37042 | Vaults:1 | Found Vifipp's Magic Scroll Boutique.
 37161 | Vaults:1 | Reached XP level 20. HP: 124/134 MP: 6/20
 37335 | Vaults:1 | Reached skill level 15 in Axes
 37448 | Vaults:1 | Received a gift from Trog
 37808 | Vaults:1 | Got a smoking broad axe
 37809 | Vaults:1 | Identified the +8 broad axe of Rotation {holy, rPois} (You
                  | acquired it on level 1 of the Vaults)
 38111 | Vaults:2 | Noticed Xtahua
 38127 | Vaults:1 | Killed Xtahua
 38562 | Vaults:2 | Received a gift from Trog
 38749 | Vaults:2 | Noticed Sojobo
 38789 | Vaults:2 | Killed from afar by Sojobo

Levels and vault maps discovered:
D:1:      lemuel_arrival_cross, layout_basic, okawaru_ov_weapons_minmay
D:2:      layout_basic, kiku_gazebo_garden_becter, serial_rivers,
          chequers_serial_rivers_room_a, chequers_serial_rivers_micro_b,
          chequers_serial_rivers_large_a, chequers_serial_rivers_large_b,
          chequers_serial_rivers_small_3
D:3:      layout_loops_ring
D:4:      minmay_chambers_of_twos, layout_basic, minitemple, serial_shops, shop,
          nicolae_elemental_shop, grunt_ministairs_9, uniq_robin
D:5:      layout_loops_corners, nicolae_tso_besieged_by_evil,
          kennysheep_little_box, minmay_temple_entry_butterflies, first_ration,
          serial_shops, shop
D:6:      minmay_opposing_rooms, layout_cave_pools, serial_shops, shop,
          uniq_grinder
D:7:      layout_rooms, gammafunk_temple_overflow_statue, grunt_ogre_cave,
          chequers_avenue, hex_medium, minmay_holes, uniq_joseph
D:8:      layout_gridville, nicolae_ru_awakened_eye, uniq_erica, uniq_pikel,
          uniq_maurice
D:9:      layout_layer_cave, zombieorc2_lemuel, enter_bailey_6
D:10:     layout_loops_corners, fedhas_altar_2, uniq_sonja
D:11:     layout_rooms, minmay_lair_entry_grove, portal_ice_cave_demonic_guard,
          kennysheep_generic_room_3
D:12:     cheibrodos_frozen_isle, layout_basic, uniq_nergalle
D:13:     layout_cave_pods, erik_vaults_2, uniq_rupert, uniq_nessos
D:14:     layout_cave_pools, minmay_misc_feat_square,
          minmay_guarded_unrand_curses, uniq_agnes
D:15:     hangedman_depths_entry_civil_slaughter, layout_layer_cave,
          special_room [special_room_bee],
          nicolae_dithmenos_through_a_glass_darkly, minivault_20,
          grunt_decor_cap
Temple:   nicolae_temple_no_exploring_needed
Lair:1:   wad_woods_tower, layout_regular_city
Lair:2:   layout_cave_pods, beast_lair_carwin_7
Lair:3:   lemuel_reptile_caves, layout_cave_shapes, minmay_swamp_entry_swarm,
          minmay_snake_entry_guardpost_small, st_stairs_4,
          minmay_stone_trees_medium, kennysheep_catoblepas_arena
Lair:4:   layout_hall_layers, hellmonk_ghost_happy_afterlife, lemuel_fruit_tree,
          serial_bayou_shore_a
Lair:5:   layout_regular_city, minmay_lair_oklob_chamber
Lair:6:   wormcave, layout_regular_city, hangedman_lair_caniforms_friends,
          slime_altar_1, lemuel_fruit_fields, lemuel_fruit_fields
Swamp:1:  layout_falls_marsh, hangedman_swamp_diagram, swamp_pool2,
          infiniplex_staircase_pool
Swamp:2:  layout_falls_marsh, hangedman_swamp_ruin_wall, grunt_hermit_hut,
          infiniplex_staircase_pool_2, uniq_frances
Swamp:3:  layout_basic_swamp, evilmike_swamp_ruin_house_4, lemuel_altar_in_water
Swamp:4:  swamp, layout_basic_swamp, swamp_pool4
Snake:1:  layout_rooms, serial_shops, bzr_in_the_mist,
          nicolae_large_snake_swirl, minmay_shoptagon
Snake:2:  layout_onion, serial_shops, shop_fountains, shop, shop_statue,
          drop_trap, uniq_louise, uniq_donald
Snake:3:  layout_onion
Snake:4:  snake_pit_salamanders_mu, layout_cave_town, ebering_ghost_inner_flame,
          serial_bayou, serial_bayou_pond_c, serial_bayou_ford_a,
          serial_bayou_lagoon_b, serial_bayou_pond_b,
          nicolae_snake_biting_tails, uniq_asterion, uniq_aizul, uniq_vashnia
Orc:1:    layout_caves, gammafunk_ghost_stat_death
Orc:2:    pf_orc_diabolical, layout_caves, nicolae_alphabet_shops
Vaults:1: vaults_dpeg_encased_lava, v_rooms_2, vaults_mumra_minichess,
          nicolae_vaults_big_ls, vaults_dpeg_diagonal,
          nicolae_vaults_network_square, nicolae_vaults_murderbox,
          ontoclasm_vaults_chip, vaults_room_pools, layout_vaults_big_room,
          serial_shops, shop
Vaults:2: grunt_vaults_funnel, minmay_crypt_entry_simple_box,
          ontoclasm_vaults_spin, v_misc_13, v_misc_11, v_pattern_1,
          grunt_vaults_diagonal, nicolae_vaults_rhombus_7,
          grunt_vaults_hallway_long, nicolae_vaults_alarming,
          nicolae_vaults_little_squares_3, v_misc_23, dpeg_vaults_monster_row,
          layout_vaults_omnibox, uniq_sojobo, uniq_jory, uniq_xtahua

Skill      XL: |  1  2  3  4  5  6  7  8  9 10 11 12 13 14 15 16 17 18 19 20 |
---------------+-------------------------------------------------------------+-----
Axes           | 3 4 5 6 7 8 9 10 11 12 13 14 15 | 15.4
Dodging        | 2 3 4 5 6 7 8 9 10 11 12 13 14 | 14.2
Armour         | 3 4 5 6 7 9 10 11 12 13 14 15 16 17 | 17.7
Fighting       | 4 5 6 8 9 10 11 12 13 14 15 16 17 | 17.8
Shields        | 2 5 6 8 10 11 12 13 14 15 16 | 16.6

Action                   |  1- 3 |  4- 6 |  7- 9 | 10-12 | 13-15 | 16-18 | 19-21 || total
-------------------------+-------+-------+-------+-------+-------+-------+-------++-------
Melee: Hand axe          |    90 |       |       |       |       |       |       ||    90
       War axe           |    31 |   126 |   513 |   792 |  1264 |  1670 |   544 ||  4940
       Unarmed           |       |       |       |     5 |       |       |       ||     5
       Broad axe         |       |       |       |       |   186 |       |   432 ||   618
Invok: Berserk           |     1 |     3 |     3 |     9 |     9 |    15 |     6 ||    46
       Trog's Hand       |       |       |     1 |     2 |     2 |     4 |     1 ||    10
       Brothers in Arms  |       |       |       |     2 |     4 |       |     1 ||     7
 Abil: Fly               |       |       |       |       |     1 |       |       ||     1
  Use: Scroll            |       |       |       |    33 |     5 |     9 |     4 ||    51
       Potion            |       |       |       |     2 |       |     3 |     1 ||     6
 Stab: Petrified         |       |       |       |       |     5 |    24 |       ||    29
       Distracted        |       |       |       |       |       |       |     1 ||     1
  Eat: Chunk             |     3 |     5 |    36 |    49 |    36 |    28 |    22 ||   179
       Ration            |       |     1 |       |     1 |       |     7 |     2 ||    11
Armor: Animal skin       |    49 |    51 |       |       |       |       |       ||   100
       Chain mail        |       |    34 |   411 |   788 |   934 |       |       ||  2167
       Skin              |       |       |       |     1 |       |       |       ||     1
       Plate armour      |       |       |       |       |   100 |   383 |       ||   483
       Gold dragon scale |       |       |       |       |       |   601 |   658 ||  1259
Dodge: Dodged            |    95 |    96 |   315 |   519 |   828 |   500 |   257 ||  2610
Block: Shield            |       |       |    57 |   707 |  1147 |  1016 |       ||  2927
       Reflection        |       |       |       |       |       |   197 |    31 ||   228
       Large shield      |       |       |       |       |       |   997 |  1310 ||  2307
